 Dungeon Crawl Stone Soup version 0.30-a0-782-ge64f9170bb (webtiles) character file.

Game seed: 2558321384680243252

1361 Ijustatesigmund the Trooper (level 8, -5/52 HPs)
             Began as a Gargoyle Fighter on Feb 23, 2023.
             Slain by a two-headed ogre
             ... wielding a +0 giant spiked club
              (22 damage)
             ... on level 6 of the Dungeon.
             The game lasted 00:09:53 (6214 turns).

Ijustatesigmund the Trooper (Gargoyle Fighter)      Turns: 6214, Time: 00:09:54

Health: -5/52      AC: 19    Str: 22    XL:     8   Next: 64%
Magic:  8/8        EV:  6    Int:  9    God:
Gold:   319        SH:  9    Dex:  9    Spells: 7/7 levels left

rFire   . . .      SeeInvis +    a - +0 morningstar (flame)
rCold   . . .      Faith    .    c - +0 kite shield
rNeg    + + .      Spirit   .    b - +0 chain mail
rPois   ∞          Reflect  .    m - +2 helmet
rElec   +          Harm     .    (no cloak)
rCorr   .          Rampage  .    (no gloves)
Will    .....                    (no boots) Stlth
                                 (no amulet)
HPRegen 0.28/turn                e - ring of see invisible
MPRegen 0.11/turn                l - ring of positive energy

@: studying Unarmed Combat
A: sickness immunity, AC +5, negative energy resistance 1, electricity
resistance, torment resistance 1, petrification resistance
a: no special abilities


You were on level 6 of the Dungeon.
You visited 2 branches of the dungeon, and saw 7 of its levels.

You collected 355 gold pieces.
You spent 36 gold pieces at shops.

Inventory:

Hand Weapons
 a - a +0 morningstar of flaming (weapon)
Armour
 b - a +0 chain mail (worn)
 c - a +0 kite shield (worn)
 m - a +2 helmet (worn)
Magical Staves
 z - a staff of conjuration
Jewellery
 e - a ring of see invisible (left hand)
 i - a ring of magical power
 l - a ring of positive energy (right hand)
 u - an amulet of faith
Scrolls
 k - a scroll of fear
 n - 2 scrolls of immolation
 r - a scroll of butterflies
 s - 2 scrolls of torment
 y - a scroll of noise
Potions
 d - 2 potions of mutation
 f - 3 potions of curing
 g - 5 potions of attraction
 h - 3 potions of cancellation {unknown}
 j - a potion of magic {unknown}
 o - a potion of lignification {unknown}
 p - a potion of brilliance {unknown}
 q - a potion of berserk rage {unknown}
 t - 3 potions of heal wounds {unknown}
 v - a potion of ambrosia {unknown}
 w - a potion of invisibility {unknown}
 x - 2 potions of degeneration {unknown}


   Skills:
 + Level 6.5 Fighting
 + Level 5.5 Maces & Flails
 + Level 6.5 Armour
 + Level 6.3 Shields


You had 7 spell levels left.
You didn't know any spells.
Your spell library contained the following spells:

 Spells                   Type           Power      Damage    Failure   Level
 Poisonous Vapours        Pois/Air       0%         N/A       100%        2
 Mephitic Cloud           Conj/Pois/Air  0%         N/A       100%        3
 Cigotuvi's Dreadful Rot  Necr/Pois/Air  Unusable   N/A       N/A         2

Dungeon Overview and Level Annotations

Branches:
Dungeon (6/15)             Temple (1/1) D:4

Altars:
Dithmenos
Elyvilon
Fedhas
Hepliaklqana
Kikubaaqudgha
Makhleb
Nemelex Xobeh
Okawaru
Qazlal
Ru
Sif Muna
Trog
Vehumet
Xom
Zin
The Shining One

Shops:
D:1 [   D:2 *

Annotations:
D:6 Eustachio


Innate Abilities, Weirdness & Mutations

You are immune to sickness and miasma.
Your stone body is resilient. (AC +5)
You are immune to poison.
You resist negative energy. (rN+)
You are resistant to electric shocks. (rElec)
You are resistant to unholy torment.
You are immune to petrification.


Message History

No target in view!
No target in view!
No target in view!
No target in view!
You see here a +2 helmet.
Found a dagger.
Found a stone staircase leading up.
You see here a +2 helmet.
k - a scroll of fear Search for what [? for help]? helmet You see here a +2 helmet.
You start putting on your armour.
You continue putting on your +2 helmet. x4
You finish putting on your +2 helmet.
h - 3 red potions (gained 1)
Found a stone staircase leading down.
There is a stone staircase leading down here.
You see here a staff of conjuration.
You see here a staff of conjuration.
z - a staff of conjuration
A - a scroll labelled RYTUABRIXAA
As you read the scroll labelled RYTUABRIXAA, it crumbles to dust.
It is a scroll of brand weapon.
Your +0 morningstar is engulfed in flames!
a - a +0 morningstar of flaming (weapon)
Really read the scroll of noise?
As you read the scroll of noise, it crumbles to dust.
You hear a loud clanging noise!
You hear two shouts!
You start waiting.
Done waiting.
You start waiting.
Done waiting.
The two-headed ogre shouts in stereo!
Okay, then.
Okay, then.
The two-headed ogre hits you with a +0 giant spiked club.
The two-headed ogre hits you with a +0 giant spiked club!
You puncture the two-headed ogre! You burn the two-headed ogre.
The two-headed ogre is moderately wounded.
The two-headed ogre hits you with a +0 giant spiked club!
The two-headed ogre hits you with a +0 giant spiked club!!
You die...

#.........##.#.##########
#.........##.#.#########
#.........##.#.........##
######....#.............#
####....#..............
#......................
#......................
#.....O................
#.....@.......######.#.
#........#...........#.
####.##.##############.
#.##.##...........#.
..##.##.#########.#.
######.##.# #.#.
#......##.# #.#.
#.#######.# #.#. #.# #.#
#.#.


You could see a two-headed ogre.

Vanquished Creatures
  Sigmund (D:2)
  A water moccasin (D:6)
  2 ogres
  A phantom (D:5)
  A necrophage (D:6)
  2 scorpions
  A bullfrog (D:6)
  2 hounds (D:5)
  Crazy Yiuf (D:3)
  Jessica (D:3)
  4 iguanas
  2 orc wizards
  Terence (D:2)
  12 gnolls
  6 adders
  A white imp (D:5)
  An ufetubus (D:5)
  2 worms (D:3)
  4 dart slugs
  14 orcs
  9 ball pythons
  7 endoplasms
  2 giant cockroaches
  8 goblins
  5 hobgoblins
  4 jackals (D:5)
  8 quokkas
  6 bats
  8 kobolds
  6 rats
123 creatures vanquished.

Vanquished Creatures (others)
  A fungus (D:3)
  4 plants (D:6)
  5 toadstools (D:1)
10 creatures vanquished.

Grand Total: 133 creatures vanquished

Notes
Turn   | Place    | Note
-------+----------+-------------------------------------------
     0 | D:1      | Ijustatesigmund the Gargoyle Fighter began the quest for
                  | the Orb.
     0 | D:1      | Reached XP level 1. HP: 14/14 MP: 1/1
   153 | D:1      | Reached XP level 2. HP: 10/19 MP: 2/2
   607 | D:1      | Found Olasmib's Armour Shoppe.
   872 | D:1      | Reached XP level 3. HP: 24/24 MP: 3/3
  1105 | D:2      | Noticed Terence
  1109 | D:2      | Killed Terence
  1162 | D:2      | Found Cyxtinenn's General Store.
  1174 | D:2      | Reached XP level 4. HP: 27/29 MP: 4/4
  1186 | D:2      | Bought a potion of curing for 36 gold pieces
  1448 | D:2      | Reached XP level 5. HP: 33/33 MP: 5/5
  1487 | D:2      | Noticed Sigmund
  1516 | D:2      | Killed Sigmund
  1517 | D:2      | Reached XP level 6. HP: 39/40 MP: 6/6
  1988 | D:3      | Noticed Jessica
  2001 | D:3      | Killed Jessica
  2188 | D:3      | Found a runed translucent door.
  2189 | D:3      | Noticed Crazy Yiuf
  2195 | D:3      | Killed Crazy Yiuf
  2196 | D:3      | Reached skill level 5 in Fighting
  2196 | D:3      | Reached skill level 5 in Armour
  2794 | D:4      | Reached skill level 5 in Shields
  2794 | D:4      | Reached XP level 7. HP: 34/44 MP: 7/7
  2866 | D:4      | Found a staircase to the Ecumenical Temple.
  2898 | Temple   | Entered the Ecumenical Temple
  3384 | D:4      | Found a sparkling altar of Nemelex Xobeh.
  4143 | D:5      | Entered Level 5 of the Dungeon
  4199 | D:5      | Found a shadowy altar of Dithmenos.
  4548 | D:5      | Found a glowing silver altar of Zin.
  4683 | D:5      | Reached XP level 8. HP: 45/51 MP: 8/8
  4774 | D:5      | Reached skill level 5 in Maces & Flails
  5373 | D:6      | Found a stormy altar of Qazlal.
  5391 | D:6      | Identified the +1 plate armour of Deh Zagy {Harm +Inv rF-
                  | Str+3}
  5463 | D:6      | Noticed Eustachio
  5488 | D:6      | Noticed a two-headed ogre
  5492 | D:6      | HP: 1/52 [two-headed ogre/+0 giant spiked club (9)]
  6214 | D:6      | Slain by a two-headed ogre

Illustrated notes

Levels and vault maps discovered:
D:1:      dpeg_arrival_tiny_c, layout_loops_ring, serial_shops,
          nicolae_shop_waterfront, minmay_gold_behind_fungi
D:2:      layout_rooms, serial_shops, nicolae_square_shop, uniq_terence,
          uniq_sigmund
D:3:      layout_loops_corners, grunt_decor_one_mirror, uniq_crazy_yiuf_cottage,
          uniq_jessica
D:4:      layout_basic, lemuel_round_altar, minmay_temple_entry_mist,
          kennysheep_flooded_box
D:5:      layout_basic, zin_treasury, nicolae_overflow_hidden_temple,
          minivault_5
D:6:      cheibrodos_two_vegetables, layout_basic,
          mainiacjoe_overflow_six_doors_small, grunt_qazlal_clouds,
          uniq_eustachio
Temple:   minmay_temple_forest_path

Skill      XL: |  1  2  3  4  5  6  7  8 |
---------------+-------------------------+-----
Fighting       | 4 5 6 |  6.5
Armour         | 4 5 6 |  6.5
Maces & Flails | 3 4 5 |  5.5
Shields        | 4 5 6 |  6.3

Action                     |  1- 3 |  4- 6 |  7- 9 || total
---------------------------+-------+-------+-------++-------
  Melee: Flail             |    79 |       |       ||    79
         Morningstar       |     4 |   145 |   216 ||   365
  Throw: Throwing net      |       |     1 |       ||     1
    Use: Scroll            |     1 |     4 |     9 ||    14
         Potion            |       |     4 |     1 ||     5
 Armour: Scale mail        |    42 |       |       ||    42
         Chain mail        |    10 |    76 |   154 ||   240
  Dodge: Dodged            |    20 |    20 |    61 ||   101
  Block: Buckler           |     6 |       |       ||     6
         Tower shield      |    57 |   117 |    29 ||   203
         Kite shield       |       |       |    86 ||    86

Table legend: (Time is in decaauts)
 A = Elapsed time spent in this place.
 B = Non-inter-level travel time spent in this place.
 C = Inter-level travel time spent in this place.
 D = Time resting spent in this place.
 E = Time spent auto-exploring this place.
 F = Levels seen in this place.
 G = Mean time per level.
                   A        B        C        D        E       F      G
               +--------+--------+--------+--------+--------+-----+--------+
         Total |   6468 |   6165 |    303 |    747 |   4189 |   7 |  924.0 |
       Dungeon |   6057 |   5798 |    259 |    747 |   3833 |   6 | 1009.5 |
        Temple |    410 |    367 |     43 |      0 |    356 |   1 |  410.0 |
               +--------+--------+--------+--------+--------+-----+--------+

Top non-repeatable levels by time:
     D:1: 1188 daAuts
     D:5: 1119 daAuts
     D:3: 1090 daAuts
     D:6: 1024 daAuts
     D:4: 1004 daAuts
     D:2: 629 daAuts
  Temple: 410 daAuts
